 Dungeon Crawl Stone Soup version 0.16-a0-3472-g5ce0ac0 (webtiles) character file.

76 Charly the Magician (level 4, -2/24 HPs)
             Began as a Deep Elf Wizard on Jan 3, 2015.
             Slain by a giant frog (5 damage)
             ... on level 6 of the Dungeon.
             The game lasted 00:09:37 (595 turns).

Charly the Magician (Deep Elf Wizard)                Turns: 595, Time: 00:09:37

Health: -2/24      AC:  4    Str:  4    XL:     4   Next: 12%
Magic:  0/18       EV: 12    Int: 24    God:
Gold:   67         SH:  0    Dex: 13    Spells: 5 memorised, 6 levels left

rFire  . . .     SeeInvis .     a - book of Minor Magic
rCold  . . .     Clarity  .     c - +0 robe
rNeg   . . .     SustAb   .     (no shield)
rPois  .         Gourm    .     i - +1 helmet
rElec  .         Spirit   .     (no cloak)
rCorr  .         Warding  .     (no gloves)
rMut   .         Stasis   .     (no boots)
MR     .....                    (no amulet)
Stlth  ++........               (no ring)
                                (no ring)

@: not resistant to hostile enchantments, unstealthy
A: no striking features
a: no special abilities


You were on level 6 of the Dungeon.
You were not hungry.

You visited 1 branch of the dungeon, and saw 4 of its levels.

You collected 67 gold pieces.

Inventory:

Missiles
 j - 21 poisoned needles
Armour
 c - a +0 robe (worn)
 i - a +1 helmet (worn)
Potions
 e - a potion of haste {unknown}
 f - a potion of cure mutation
 g - a potion of ambrosia
 h - a potion of curing {unknown}
 k - a potion of poison {unknown}
Books
 a - a book of Minor Magic (in hand)

   Spells                             Type                      Level
   a - Magic Dart                     Conjuration                  1
   b - Blink                          Translocation                2
   c - Call Imp                       Summoning                    2
   d - Repel Missiles                 Charms/Air                   2
   e - Slow                           Hexes                        2
   f - Conjure Flame                  Conjuration/Fire             3
   g - Mephitic Cloud                 Conjuration/Poison/Air       3
Comestibles
 d - a bread ration
 l - a beef jerky


   Skills:
 - Level 2.4 Dodging
 - Level 2.4 Stealth
 + Level 6.7 Spellcasting
 + Level 1.4 Conjurations
 - Level 1.1 Summonings
 - Level 1.1 Translocations


You had 6 spell levels left.
You knew the following spells:

 Your Spells              Type           Power        Failure   Level  Hunger
b - Blink                 Tloc           N/A          10%         2    None
d - Magic Dart            Conj           ###.         4%          1    None
i - Call Imp              Summ           ##......     10%         2    None
m - Mephitic Cloud        Conj/Pois/Air  ##......     21%         3    None
r - Repel Missiles        Chrm/Air       #.....       12%         2    None


Dungeon Overview and Level Annotations

Branches:
Dungeon (6/15)
 Temple: D:4-7

Altars:
Makhleb


Message History

The giant frog closely misses you. The giant frog hits you.
The giant frog closely misses you. The giant frog barely misses you.
The giant frog hits you.
Casting: Mephitic Cloud
Confirm with . or Enter, or press ? or * to list all spells.
Okay, then.
Read which item? (? for menu, Esc to quit)
As you read the scroll labeled QIYRIORRAR, it crumbles to dust.
Forget which spell ([?*] list [ESC] exit)?
Forget which spell ([?*] list [ESC] exit)?
Okay, then.
It was a scroll of amnesia.
The giant frog hits you! The giant frog hits you!
* * * LOW HITPOINT WARNING * * *
Casting: Mephitic Cloud
Confirm with . or Enter, or press ? or * to list all spells.
You blink.
The giant frog barely misses you. The giant frog misses you.
The giant frog hits you.
You die...

#.# #.# .
#..# #.# #.
.#
#.>##.####..#
.. #........#
####.
##.....###
.... #....##
#..# ##...#
#..## ##F.#
....# #@.#
.##.## #..#
####.## ##..#
# ##.###
##..## ##..#
##.### # #..#
###.## #
###..# #...#
####..###
#..## ##..###
#..#


You could see a giant frog.

Vanquished Creatures
  A giant frog (D:6)
  3 goblins
  A hobgoblin (D:1)
  3 kobolds
  7 bats
  3 giant cockroaches (D:1)
  A giant gecko (D:6)
  A giant newt (D:2)
  A quokka (D:2)
  A rat (D:1)
22 creatures vanquished.

Vanquished Creatures (collateral kills)
  An adder (D:2)
  A giant mite (D:1)
  A rat (D:2)
3 creatures vanquished.

Grand Total: 25 creatures vanquished

Notes
Turn   | Place    | Note
--------------------------------------------------------------
     0 | D:1      | Charly, the Deep Elf Wizard, began the quest for the Orb.
     0 | D:1      | Reached XP level 1. HP: 10/10 MP: 6/6
   109 | D:1      | Reached skill level 5 in Spellcasting
   148 | D:2      | Found a burning altar of Makhleb.
   149 | D:2      | Reached XP level 2. HP: 10/15 MP: 0/11
   155 | D:1      | Learned a level 2 spell: Blink
   158 | D:1      | Learned a level 2 spell: Call Imp
   161 | D:1      | Learned a level 2 spell: Repel Missiles
   400 | D:3      | You fall through a shaft for 3 floors!
   438 | D:6      | Reached XP level 3. HP: 19/19 MP: 0/14
   443 | D:6      | Learned a level 3 spell: Mephitic Cloud
   531 | D:6      | Noticed a giant frog
   561 | D:6      | Killed a giant frog
   561 | D:6      | Reached skill level 6 in Spellcasting
   561 | D:6      | Reached XP level 4. HP: 24/24 MP: 0/18
   578 | D:6      | Noticed a giant frog
   595 | D:6      | Slain by a giant frog

Action                   |  1- 3 |  4- 6 || total
-------------------------+-------+-------++-------
Melee: Unarmed           |    22 |       ||    22
 Cast: Magic Dart        |    48 |     1 ||    49
       Call Imp          |     6 |       ||     6
       Mephitic Cloud    |     1 |     1 ||     2
       Blink             |     1 |     1 ||     2
  Use: Scroll            |     2 |     1 ||     3
